 Dungeon Crawl Stone Soup version 0.28.0-45-g0d030f2227 (webtiles) character file.

Game seed: 5754133266287042662

479 101zpm the Gusty (level 7, -6/50 HPs)
             Began as a Gnoll Air Elementalist on Apr 23, 2022.
             Was an Initiate of Sif Muna.
             Killed by divine providence
             ... invoked by an orc priest
              (13 damage)
             ... on level 4 of the Dungeon.
             The game lasted 00:11:57 (3996 turns).

101zpm the Gusty (Gnoll Air Elementalist)           Turns: 3996, Time: 00:11:57

Health: -6/50      AC:  3    Str:  8    XL:     7   Next: 11%
Magic:  10/15      EV: 13    Int: 16    God:    Sif Muna [......]
Gold:   195        SH:  0    Dex: 12    Spells: 16/17 levels left

rFire   . . .      SeeInvis .   h - +1 hand axe (flame)
rCold   . . .      Faith    .   (no shield)
rNeg    . . .      Spirit   .   a - +0 robe
rPois   .          Reflect  .   (no helmet)
rElec   .          Harm     .   (no cloak)
rCorr   .          Rampage  .   m - +0 pair of gloves
Will    .....                   (no boots)
Stlth   +++.......              (no amulet)
HPRegen 0.16/turn               (no ring)
MPRegen 0.14/turn               (no ring)

@: no status effects
A: fangs 1, strong nose, distributed training
a: Renounce Religion


You were on level 4 of the Dungeon.
You worshipped Sif Muna.
Sif Muna was noncommittal.
You visited 2 branches of the dungeon, and saw 6 of its levels.

You collected 195 gold pieces.

Inventory:

Hand Weapons
 h - a +1 hand axe of flaming (weapon)
Armour
 a - a +0 robe (worn)
 m - a +0 pair of gloves (worn)
Jewellery
 e - a ring of see invisible
Scrolls
 c - a scroll of acquirement {unknown}
 d - a scroll of enchant weapon {unknown}
 k - a scroll of magic mapping {unknown}
 n - a scroll of vulnerability {unknown}
 o - a scroll of identify {unknown}
Potions
 b - 2 potions of curing {unknown}
 f - a potion of heal wounds {unknown}
 g - a potion of flight {unknown}
 i - a potion of lignification {unknown}
 j - a potion of berserk rage {unknown}
 l - a potion of invisibility {unknown}


   Skills:
 + Level 2.2 Fighting
 + Level 2.2 Short Blades
 + Level 2.2 Long Blades
 + Level 2.2 Axes
 + Level 2.2 Maces & Flails
 + Level 2.2 Polearms
 + Level 2.2 Staves
 + Level 2.2 Slings
 + Level 2.2 Bows
 + Level 2.2 Crossbows
 + Level 2.2 Throwing
 + Level 2.2 Armour
 + Level 5.1 Dodging
 + Level 4.8 Stealth
 + Level 2.2 Shields
 + Level 2.2 Unarmed Combat
 + Level 5.5 Spellcasting
 + Level 2.8 Conjurations
 + Level 1.8 Hexes
 + Level 1.8 Summonings
 + Level 1.8 Necromancy
 + Level 1.8 Translocations
 + Level 1.8 Transmutations
 + Level 1.8 Fire Magic
 + Level 1.8 Ice Magic
 + Level 5.7 Air Magic
 + Level 1.8 Earth Magic
 + Level 1.8 Poison Magic
 + Level 2.5 Invocations
 + Level 2.2 Evocations


You had 16 spell levels left.
You knew the following spells:

 Your Spells              Type           Power      Damage    Failure   Level
a - Shock                 Conj/Air       72%        1d7       2%          1

Your spell library contained the following spells:

 Spells                   Type           Power      Damage    Failure   Level
 Static Discharge         Conj/Air       18%        N/A       3%          2
 Swiftness                Air            22%        N/A       4%          3
 Airstrike                Air            11%        N/A       13%         4


Dungeon Overview and Level Annotations

Branches:
Dungeon (5/15)             Temple (1/1) D:5

Altars:
Ashenzari
Cheibriados
Dithmenos
Elyvilon
Kikubaaqudgha
Makhleb
Nemelex Xobeh
Okawaru
Qazlal
Ru
Sif Muna
Uskayaw
Vehumet
Xom


Innate Abilities, Weirdness & Mutations

You have very sharp teeth.
Your uncanny sense of smell can sniff out nearby items.
Your experience applies equally to all skills.


Message History

The zap hits the orc priest.
The orc priest is moderately wounded.
Unknown command.
Aiming: Shock (safe; 2% risk of failure)
Press: ? - help, Q - select action Shift-Dir - straight line The zap misses the orc priest.
The orc priest misses you.
You hit the orc priest but do no damage.
The orc priest is lightly wounded.
The orc priest calls down the wrath of Beogh upon you.
Beogh smites you!
* * * LOW HITPOINT WARNING * * *
You hit the orc priest but do no damage.
The orc priest is lightly wounded.
The orc priest invokes the aid of Beogh against you.
You struggle to resist.
You hit the orc priest. You burn the orc priest.
You bite the orc priest, but do no damage.
The orc priest is heavily wounded.
The orc priest hits you with a +0 hand axe.
* * * LOW HITPOINT WARNING * * *
The orc priest misses you.
You hit the orc priest but do no damage.
The orc priest is heavily wounded.
The orc priest hits you with a +0 hand axe.
* * * LOW HITPOINT WARNING * * *
Aiming: Shock (safe; 2% risk of failure)
Press: ? - help, Q - select action Shift-Dir - straight line That beam is likely to hit you.
Continue anyway?
Okay, then.
Aiming: Shock (safe; 2% risk of failure)
Press: ? - help, Q - select action Shift-Dir - straight line The zap hits the orc priest.
The orc priest is severely wounded.
The orc priest hits you but does no damage.
You hit the orc priest but do no damage.
The orc priest is severely wounded.
The orc priest invokes the aid of Beogh against you.
Beogh smites you!
You die...

.# #..
#.# .#
### #.#
## #.#
#.# #.#
#.# #.#
#.# #@#
#o#
.).....{#
#########


You could see an orc priest.

Vanquished Creatures
  A scorpion (D:4)
  A water moccasin skeleton (D:4)
  2 howler monkeys (D:4)
  A jelly (D:4)
  An orc priest (D:4)
  A bullfrog skeleton (D:5)
  Natasha (thrice) (D:3)
  Robin (D:4)
  5 adders
  A shadow imp (D:5)
  2 worms (D:2)
  3 orcs
  7 ball pythons
  2 bats
  4 giant cockroaches
  14 goblins
  6 hobgoblins
  4 jackals (D:3)
  3 kobolds (D:2)
  3 rats
65 creatures vanquished.

Vanquished Creatures (others)
  2 plants (D:5)
2 creatures vanquished.

Grand Total: 67 creatures vanquished

Notes
Turn   | Place    | Note
-------+----------+-------------------------------------------
     0 | D:1      | 101zpm the Gnoll Air Elementalist began the quest for the
                  | Orb.
     0 | D:1      | Reached XP level 1. HP: 13/13 MP: 6/6
   332 | D:2      | Reached XP level 2. HP: 19/19 MP: 0/7
   850 | D:2      | Reached XP level 3. HP: 25/25 MP: 3/9
   913 | D:2      | Reached skill level 5 in Spellcasting
  1545 | D:3      | Reached skill level 1 in Invocations
  1654 | D:3      | Noticed Natasha
  1670 | D:3      | Killed Natasha
  1671 | D:3      | Reached skill level 1 in Fighting
  1671 | D:3      | Reached skill level 1 in Short Blades
  1671 | D:3      | Reached skill level 1 in Long Blades
  1671 | D:3      | Reached skill level 1 in Axes
  1671 | D:3      | Reached skill level 1 in Maces & Flails
  1671 | D:3      | Reached skill level 1 in Polearms
  1671 | D:3      | Reached skill level 1 in Staves
  1671 | D:3      | Reached skill level 1 in Slings
  1671 | D:3      | Reached skill level 1 in Bows
  1671 | D:3      | Reached skill level 1 in Crossbows
  1671 | D:3      | Reached skill level 1 in Throwing
  1671 | D:3      | Reached skill level 1 in Armour
  1671 | D:3      | Reached skill level 1 in Shields
  1671 | D:3      | Reached skill level 1 in Unarmed Combat
  1671 | D:3      | Reached skill level 1 in Evocations
  1671 | D:3      | Reached XP level 4. HP: 14/32 MP: 2/11
  2097 | D:3      | Noticed Natasha
  2107 | D:3      | Killed Natasha
  2108 | D:3      | Reached skill level 1 in Hexes
  2108 | D:3      | Reached skill level 1 in Summonings
  2108 | D:3      | Reached skill level 1 in Necromancy
  2108 | D:3      | Reached skill level 1 in Translocations
  2108 | D:3      | Reached skill level 1 in Transmutations
  2108 | D:3      | Reached skill level 1 in Fire Magic
  2108 | D:3      | Reached skill level 1 in Ice Magic
  2108 | D:3      | Reached skill level 1 in Earth Magic
  2108 | D:3      | Reached skill level 1 in Poison Magic
  2621 | D:3      | Noticed Natasha
  2627 | D:3      | Killed Natasha
  2628 | D:3      | Reached XP level 5. HP: 37/37 MP: 6/12
  2903 | D:4      | Reached XP level 6. HP: 40/44 MP: 0/13
  3018 | D:4      | Noticed Robin
  3024 | D:4      | Killed Robin
  3028 | D:4      | Reached skill level 5 in Dodging
  3117 | D:5      | Entered Level 5 of the Dungeon
  3154 | D:5      | Found a staircase to the Ecumenical Temple.
  3162 | Temple   | Entered the Ecumenical Temple
  3224 | Temple   | Became a worshipper of Sif Muna the Loreminder
  3644 | D:5      | Noticed a sky beast
  3911 | D:4      | Reached XP level 7. HP: 40/50 MP: 11/15
  3996 | D:4      | Killed from afar by an orc priest

Illustrated notes

Levels and vault maps discovered:
D:1:      eino_arrival_tree_alley, layout_basic,
          hellmonk_ecumenical_altar_watching_god, minmay_misc_feat_nine_boxes,
          kennysheep_minor_cross, nicolae_figureground_pulse
D:2:      layout_loops_corners
D:3:      layout_loops_ring, uniq_natasha
D:4:      layout_basic, uniq_robin, uniq_eustachio
D:5:      layout_basic, minmay_temple_entry_tees, chequers_big_river
Temple:   eino_temple_lava

Skill      XL: |  1  2  3  4  5  6 |
---------------+-------------------+-----
Conjurations   | 2 |  2.8
Spellcasting   | 5 |  5.5
Invocations    | 1 2 |  2.5
Fighting       | 1 2 |  2.2
Short Blades   | 1 2 |  2.2
Long Blades    | 1 2 |  2.2
Axes           | 1 2 |  2.2
Maces & Flails | 1 2 |  2.2
Polearms       | 1 2 |  2.2
Staves         | 1 2 |  2.2
Slings         | 1 2 |  2.2
Bows           | 1 2 |  2.2
Crossbows      | 1 2 |  2.2
Throwing       | 1 2 |  2.2
Armour         | 1 2 |  2.2
Shields        | 1 2 |  2.2
Unarmed Combat | 1 2 |  2.2
Evocations     | 1 2 |  2.2
Hexes          | 1 |  1.8
Summonings     | 1 |  1.8
Necromancy     | 1 |  1.8
Translocations | 1 |  1.8
Transmutations | 1 |  1.8
Fire Magic     | 1 |  1.8
Ice Magic      | 1 |  1.8
Earth Magic    | 1 |  1.8
Poison Magic   | 1 |  1.8
Dodging        | 5 |  5.1
Stealth        | |  4.8
Air Magic      | |  5.7

Action                   |  1- 3 |  4- 6 |  7- 9 || total
-------------------------+-------+-------+-------++-------
Melee: Unarmed           |     9 |       |       ||     9
       Hand axe          |     3 |    22 |    11 ||    36
       Punch             |     2 |       |       ||     2
       Bite              |       |       |     1 ||     1
 Cast: Shock             |    66 |    95 |     8 ||   169
Armor: Robe              |     4 |     7 |     1 ||    12
Dodge: Dodged            |    16 |    18 |     5 ||    39
